Harfangs vs Ice Dragons
Created - March 10, 2019 at 19:13
Goals
|
Harfangs |
0 |
4 |
1 |
5 |
Ice Dragons |
0 |
2 |
0 |
2 |
|
Shots
|
Harfangs |
19 |
9 |
5 |
33 |
Ice Dragons |
16 |
7 |
4 |
27 |
|
1st period
No Goal
Penalties :
Brayden McNabb (Kin) for Hooking (Minor) at 19:48
2nd period
1. Harfangs , Jimmy Hayes 46 (Steve Ott 30, Victor Bartley 18) at 0:13 (PP)
2. Ice Dragons , David Rundblad 5 (Kevin Connauton 21, Matt Corrente 19) at 5:55
3. Harfangs , Steve Ott 28 (Jimmy Hayes 49, Victor Bartley 19) at 7:12 (PP)
4. Harfangs , Michael Bournival 25 (Jimmy Hayes 50, Steve Ott 31) at 7:27
5. Harfangs , Tomas Kubalik 26 (Dustin Jeffrey 9, Dylan Olsen 17) at 11:53
6. Ice Dragons , Michael Chaput 25 (William Carrier 14) at 15:52
Penalties :
Michael Ferland (Kin) for Slashing (Minor) at 6:33, Matt Corrente (Kin) for Hooking (Minor) at 16:52
3rd period
7. Harfangs , Michael Bournival 26 (Steve Ott 32, Jimmy Hayes 51) at 15:43
Penalties :
Jimmy Hayes (BEA) for Tripping (Minor) at 8:51, Andreas Martinsen (BEA) for Slashing (Double Minor) at 16:19, Steve Ott (BEA) for Interference (Minor) at 16:42
Goalie Stats
Anton Forsberg (BEA), 25 saves from 27 shots - (0.926), W, 15-16-1, 60:00 minutes
Anders Nilsson (Kin), 28 saves from 33 shots - (0.848), L, 10-24-0, 60:00 minutes
Players Stats for Harfangs
Player Name G A P +/- PIM S H SB GA TA FO MP PP MP PK MP
------------------------------------------------------------------------------------
Andreas Martinsen 0 0 0 -1 4 0 3 0 1 0 0/0 12:36 0:00 0:53
Brandon Pirri 0 0 0 0 0 2 0 0 0 0 0/0 7:22 0:00 0:00
Brendan Leipsic 0 0 0 0 0 0 0 0 0 0 0/0 0:00 0:00 0:00
Calle Jarnkrok 0 0 0 0 0 0 1 1 0 0 7/10 16:08 1:23 0:00
Colton Sissons 0 0 0 0 0 0 0 0 0 0 0/0 7:22 0:00 0:00
Cristoval Nieves 0 0 0 0 0 0 0 0 0 0 1/2 2:02 0:00 2:02
Dustin Jeffrey 0 1 1 0 0 1 0 0 1 0 0/0 16:08 1:23 0:00
Dylan Olsen 0 1 1 0 0 1 1 0 1 1 0/0 19:15 0:14 2:10
Erik Nystrom 0 0 0 0 0 0 0 0 0 0 0/0 0:00 0:00 0:00
Garnet Hathaway 0 0 0 -1 0 1 1 0 0 0 0/0 11:51 0:00 0:07
Jake Dotchin 0 0 0 -1 0 0 0 0 0 0 0/0 4:16 0:00 0:00
Jeff Petry 0 0 0 0 0 1 0 1 0 1 0/0 19:15 0:14 2:10
Jimmy Hayes 1 3 4 2 2 9 0 0 1 0 1/2 20:29 1:40 1:23
Jujhar Khaira 0 0 0 0 0 0 2 0 0 0 1/1 7:22 0:00 0:00
Laurent Dauphin 0 0 0 0 0 0 0 0 0 0 0/0 0:00 0:00 0:00
Mark Alt 0 0 0 1 0 0 0 0 0 1 0/0 13:36 0:00 0:00
Michael Bournival 2 0 2 2 0 5 3 0 0 0 0/3 19:46 1:40 0:39
Morgan Klimchuk 0 0 0 0 0 0 0 0 0 0 0/0 0:00 0:00 0:00
Oscar Sundqvist 0 0 0 -1 0 0 0 0 0 0 1/5 13:38 0:00 1:54
Reid McNeill 0 0 0 1 0 0 3 1 0 1 0/0 13:36 0:00 0:00
Ryan Hartman 0 0 0 0 0 0 0 0 0 0 0/0 0:00 0:00 0:00
Steve McCarthy 0 0 0 1 0 2 3 2 0 1 0/0 26:34 2:49 3:29
Steve Ott 1 3 4 2 2 6 3 1 0 0 17/36 21:20 1:40 2:13
Tomas Kubalik 1 0 1 0 0 3 3 2 0 1 0/0 16:15 1:23 0:07
Victor Bartley 0 2 2 0 0 2 1 1 0 0 0/0 23:28 2:49 3:29
Players Stats for Ice Dragons
Player Name G A P +/- PIM S H SB GA TA FO MP PP MP PK MP
------------------------------------------------------------------------------------
Alec Martinez 0 0 0 -2 0 1 0 0 1 1 0/0 27:01 3:00 2:17
Brandon Kozun 0 0 0 -1 0 4 2 0 1 0 2/4 21:17 2:47 0:44
Brayden McNabb 0 0 0 0 2 0 0 0 0 0 0/0 15:17 2:39 0:46
Brian Boyle 0 0 0 -1 0 2 2 1 1 1 15/30 23:16 2:49 2:19
Chris Wagner 0 0 0 0 0 0 1 0 0 0 0/1 16:39 2:47 0:00
David Rundblad 1 0 1 1 0 3 1 3 0 0 0/0 20:40 2:39 0:46
Dmitri Orlov 0 0 0 0 0 1 0 1 1 0 0/0 13:15 0:00 1:13
Emil Pettersson 0 0 0 -1 0 1 0 0 0 0 3/3 9:08 0:00 0:00
Justin Shugg 0 0 0 1 0 1 1 0 0 0 0/0 12:38 0:00 0:00
Kevin Connauton 0 1 1 1 0 2 1 0 0 1 0/0 17:12 0:00 0:00
Logan MacMillan 0 0 0 -1 0 1 0 0 0 0 1/1 23:13 2:47 2:19
Matt Corrente 0 1 1 -2 2 3 1 0 1 1 0/0 21:57 3:00 1:04
Michael Chaput 1 0 1 0 0 3 2 3 0 0 9/15 17:23 2:47 0:44
Michael Ferland 0 0 0 1 2 1 3 0 0 0 0/0 13:09 0:05 0:00
Michael Stone 0 0 0 0 0 0 0 0 0 0 0/0 4:48 0:00 0:00
Sam Carrick 0 0 0 1 0 2 2 0 0 0 1/5 13:24 0:08 0:00
Thomas Gobeil 0 0 0 -1 0 0 0 0 0 0 0/0 6:53 0:00 0:00
William Carrier 0 1 1 -1 0 2 1 1 1 0 0/0 19:44 2:47 0:00
3 Stars
1 - Steve Ott (BEA)
2 - Michael Bournival (BEA)
3 - Jimmy Hayes (BEA)
Power Play
Harfangs - 2 on 3 Attempt(s) - 66.67%
Ice Dragons - 0 on 4 Attempt(s) - 0.00%
Penalty Kill
Harfangs - 4 on 4 Attempt(s) - 100.00%
- Score 0 goal in Penalty Kill
Ice Dragons - 1 on 3 Attempt(s) - 33.33%
- Score 0 goal in Penalty Kill
Team Stat
Harfangs - Hits : 24 - Faceoff Wins : 28 - Blocked Shots : 9 - Penalty Minutes : 8
Ice Dragons - Hits : 17 - Faceoff Wins : 31 - Blocked Shots : 9 - Penalty Minutes : 6
Official
Referees : Unknown
Linesman : Unknown
Game Notes
No Game Note
Finance
Level 1 -- Attendance: 1499 (74.95%) -- Ticket Income $59,960
Level 2 -- Attendance: 677 (67.70%) -- Ticket Income $13,540
Total Attendance: 2176 (72.53%)
Total Ticket Income: $73,500
Other Income: $3,675
Total Income: $77,175
Harfangs
5 vs 5 Forward
Center Left Wing Right Wing Time % Phy DF OF
1 Steve Ott Michael Bournival Jimmy Hayes 40 1 2 2
2 Calle Jarnkrok Dustin Jeffrey Tomas Kubalik 30 1 2 2
3 Oscar Sundqvist Andreas Martinsen Garnet Hathaway 20 1 2 2
4 Colton Sissons Jujhar Khaira Brandon Pirri 10 1 2 2
5 vs 5 Defense
Defense Defense Time % Phy DF OF
1 Steve McCarthy Victor Bartley 40 1 2 2
2 Dylan Olsen Jeff Petry 30 1 2 2
3 Mark Alt Reid McNeill 20 1 2 2
4 Jake Dotchin Steve McCarthy 10 1 2 2
PowerPlay Forward
Center Left Wing Right Wing Time % Phy DF OF
1 Steve Ott Michael Bournival Jimmy Hayes 60 1 2 2
2 Calle Jarnkrok Dustin Jeffrey Tomas Kubalik 40 1 2 2
PowerPlay Defense
Defense Defense Time % Phy DF OF
1 Steve McCarthy Victor Bartley 60 1 2 2
2 Dylan Olsen Jeff Petry 40 1 2 2
Penalty Kill 4 Players Forward
Center Wing Time % Phy DF OF
1 Steve Ott Jimmy Hayes 60 1 2 2
2 Tomas Kubalik Garnet Hathaway 40 1 2 2
Penalty Kill 4 Players Defense
Defense Defense Time % Phy DF OF
1 Steve McCarthy Victor Bartley 60 1 2 2
2 Dylan Olsen Jeff Petry 40 1 2 2
Penalty Kill - 3 Players Forward
Forward Time % Phy DF OF
1 Steve Ott 60 1 2 2
2 Jimmy Hayes 40 1 2 2
Penalty Kill - 3 Players Defense
Defense Defense Time % Phy DF OF
1 Steve McCarthy Victor Bartley 60 1 2 2
2 Dylan Olsen Jeff Petry 40 1 2 2
4 vs 4 Forward
Center Wing Time % Phy DF OF
1 Steve Ott Jimmy Hayes 60 1 2 2
2 Tomas Kubalik Garnet Hathaway 40 1 2 2
4 vs 4 Defense
Defense Defense Time % Phy DF OF
1 Steve McCarthy Victor Bartley 60 1 2 2
2 Dylan Olsen Jeff Petry 40 1 2 2
Last Minutes Offensive
Center Left Wing Right Wing Defense Defense
Steve Ott Michael Bournival Jimmy Hayes Steve McCarthy Victor Bartley
Last Minutes Defensive
Center Left Wing Right Wing Defense Defense
Steve Ott Michael Bournival Jimmy Hayes Steve McCarthy Victor Bartley
Goaltenders
Starting : Anton Forsberg
Backup : Mark Visentin
Extra Forwards
Normal : Ryan Hartman, Erik Nystrom, Cristoval Nieves - PP : Ryan Hartman, Erik Nystrom - PK : Cristoval Nieves
Extra Defensemen
Normal : Mark Alt, Reid McNeill, Jake Dotchin - PP : Mark Alt - PK : Reid McNeill, Jake Dotchin
Penalty Shots
Steve Ott, Jimmy Hayes, Tomas Kubalik, Garnet Hathaway, Michael Bournival
Scratches
Brenden Kichton (Left Knee Injury), Blake Heinrich (Facial Surgery Injury), Nick Sorensen (Healthy), Rinat Valiev (Healthy), Jason Kasdorf (Healthy)
Scott Wedgewood (Healthy), Zachary Fucale (Healthy)
Ice Dragons
5 vs 5 Forward
Center Left Wing Right Wing Time % Phy DF OF
1 Brian Boyle Logan MacMillan Brandon Kozun 40 1 1 3
2 Michael Chaput William Carrier Chris Wagner 30 1 2 2
3 Sam Carrick Michael Ferland Justin Shugg 20 1 2 2
4 Emil Pettersson William Carrier Thomas Gobeil 10 1 3 1
5 vs 5 Defense
Defense Defense Time % Phy DF OF
1 Alec Martinez Matt Corrente 40 1 2 2
2 David Rundblad Kevin Connauton 30 1 2 2
3 Dmitri Orlov Brayden McNabb 20 1 2 2
4 Michael Stone Alec Martinez 10 1 3 1
PowerPlay Forward
Center Left Wing Right Wing Time % Phy DF OF
1 Brian Boyle Logan MacMillan Brandon Kozun 60 1 1 3
2 Michael Chaput William Carrier Chris Wagner 40 1 1 3
PowerPlay Defense
Defense Defense Time % Phy DF OF
1 Alec Martinez Matt Corrente 60 1 2 2
2 David Rundblad Brayden McNabb 40 1 2 2
Penalty Kill 4 Players Forward
Center Wing Time % Phy DF OF
1 Brian Boyle Logan MacMillan 60 1 4 0
2 Brandon Kozun Michael Chaput 40 1 4 0
Penalty Kill 4 Players Defense
Defense Defense Time % Phy DF OF
1 Alec Martinez Matt Corrente 60 1 4 0
2 David Rundblad Brayden McNabb 40 1 4 0
Penalty Kill - 3 Players Forward
Forward Time % Phy DF OF
1 Logan MacMillan 60 1 4 0
2 Michael Chaput 40 1 4 0
Penalty Kill - 3 Players Defense
Defense Defense Time % Phy DF OF
1 Alec Martinez Matt Corrente 60 1 4 0
2 David Rundblad Brayden McNabb 40 1 4 0
4 vs 4 Forward
Center Wing Time % Phy DF OF
1 Sam Carrick Michael Chaput 60 1 2 2
2 Brandon Kozun Logan MacMillan 40 1 2 2
4 vs 4 Defense
Defense Defense Time % Phy DF OF
1 Alec Martinez Matt Corrente 60 1 2 2
2 David Rundblad Kevin Connauton 40 1 2 2
Last Minutes Offensive
Center Left Wing Right Wing Defense Defense
Brian Boyle Logan MacMillan Brandon Kozun Alec Martinez Matt Corrente
Last Minutes Defensive
Center Left Wing Right Wing Defense Defense
Brian Boyle Logan MacMillan Brandon Kozun Brayden McNabb Matt Corrente
Goaltenders
Starting : Anders Nilsson
Backup : Harru Sateri
Extra Forwards
Normal : Sam Carrick, Michael Ferland, Emil Pettersson - PP : Sam Carrick, Michael Ferland - PK : Emil Pettersson
Extra Defensemen
Normal : Dmitri Orlov, Kevin Connauton, Michael Stone - PP : Dmitri Orlov - PK : Dmitri Orlov, Kevin Connauton
Penalty Shots
Alec Martinez, Michael Chaput, Brandon Kozun, Logan MacMillan, Sam Carrick
Scratches
Theodor Blueger (Healthy), Alex Henriksson (Healthy), Cole Ully (Healthy), Christian Djoos (Healthy), Alex Plante (Healthy)
Samuel Groulx (Healthy), Oscar Dansk (Healthy)
% Time on Ice - Harfangs
Lines # - Real PCT - Wanted PCT - Time Play
Normal Forward
1 - 34% - 40% - 17:27
2 - 29% - 30% - 14:45
3 - 23% - 20% - 11:44
4 - 14% - 10% - 7:22
Normal Defense
1 - 33% - 40% - 17:10
2 - 33% - 30% - 16:51
3 - 27% - 20% - 13:36
4 - 7% - 10% - 3:41
PP Forward
1 - 55% - 60% - 1:40
2 - 45% - 40% - 1:23
PP Defense
1 - 92% - 60% - 2:49
2 - 8% - 40% - 0:14
PK Forward
1 - 97% - 60% - 3:33
2 - 3% - 40% - 0:07
PK Defense
1 - 61% - 60% - 2:15
2 - 39% - 40% - 1:25
PK3 Forward
1 - 100% - 60% - 1:59
2 - 0% - 40% - 0:00
PK3 Defense
1 - 62% - 60% - 1:14
2 - 38% - 40% - 0:45
44 Forward
1 - 0% - 60%
2 - 0% - 40%
44 Defense
1 - 0% - 60%
2 - 0% - 40%
Last Minute Offensive - 0:00
Last Minute Defensive - 0:00
Total
Forward - 60:00
Defense - 60:00
|
% Time on Ice - Ice Dragons
Lines # - Real PCT - Wanted PCT - Time Play
Normal Forward
1 - 35% - 40% - 17:58
2 - 27% - 30% - 13:52
3 - 25% - 20% - 12:38
4 - 13% - 10% - 6:50
Normal Defense
1 - 35% - 40% - 17:54
2 - 34% - 30% - 17:15
3 - 23% - 20% - 11:50
4 - 8% - 10% - 4:19
PP Forward
1 - 51% - 60% - 2:52
2 - 49% - 40% - 2:47
PP Defense
1 - 53% - 60% - 3:00
2 - 47% - 40% - 2:39
PK Forward
1 - 76% - 60% - 2:19
2 - 24% - 40% - 0:44
PK Defense
1 - 75% - 60% - 2:17
2 - 25% - 40% - 0:46
PK3 Forward
1 - 0% - 60%
2 - 0% - 40%
PK3 Defense
1 - 0% - 60%
2 - 0% - 40%
44 Forward
1 - 0% - 60%
2 - 0% - 40%
44 Defense
1 - 0% - 60%
2 - 0% - 40%
Last Minute Offensive - 0:00
Last Minute Defensive - 0:00
Total
Forward - 60:00
Defense - 60:00
|
Play-by-Play
1st period
0:01 of 1st period - Brian Boyle wins face-off versus Steve Ott in neutral zone.
0:14 of 1st period - Matt Corrente is hit by Michael Bournival and loses puck.
0:27 of 1st period - Victor Bartley is hit by Matt Corrente.
0:35 of 1st period - Michael Chaput is hit by Tomas Kubalik and loses puck.
1:12 of 1st period - Jujhar Khaira is hit by Brian Boyle and loses puck.
1:29 of 1st period - Slapshot by Kevin Connauton.
1:29 of 1st period - Stopped by Anton Forsberg with a rebound.
1:31 of 1st period - Slapshot by Dmitri Orlov.
1:31 of 1st period - Shot Blocked by Reid McNeill.
1:33 of 1st period - Snap shot by Thomas Gobeil.
1:33 of 1st period - Shot Blocked by Steve Ott.
1:35 of 1st period - Snap shot by Dmitri Orlov.
1:35 of 1st period - Stopped by Anton Forsberg with a rebound.
1:37 of 1st period - Snap shot by Emil Pettersson.
1:37 of 1st period - Deflect By Steve Ott.
1:37 of 1st period - Stopped by Anton Forsberg with a rebound.
1:39 of 1st period - Slapshot by Dmitri Orlov.
1:39 of 1st period - Deflect By William Carrier.
1:39 of 1st period - Shot Misses the Net.
1:39 of 1st period - Puck is out of play.
1:40 of 1st period - Calle Jarnkrok wins face-off versus Sam Carrick in Harfangs zone.
1:47 of 1st period - Wrist shot by Tomas Kubalik.
1:47 of 1st period - Shot Blocked by Dmitri Orlov.
2:30 of 1st period - David Rundblad is hit by Andreas Martinsen and loses puck.
4:32 of 1st period - Off-side.
4:33 of 1st period - Emil Pettersson wins face-off versus Steve Ott in neutral zone.
5:59 of 1st period - Slapshot by Michael Bournival.
5:59 of 1st period - Stopped by Anders Nilsson without a rebound.
6:00 of 1st period - Michael Chaput wins face-off versus Calle Jarnkrok in Ice Dragons zone.
6:11 of 1st period - Slapshot by William Carrier.
6:11 of 1st period - Stopped by Anton Forsberg without a rebound.
6:12 of 1st period - Michael Chaput wins face-off versus Steve Ott in Harfangs zone.
6:17 of 1st period - Backhand shot by Matt Corrente.
6:17 of 1st period - Stopped by Anton Forsberg without a rebound.
6:18 of 1st period - Steve Ott wins face-off versus Michael Chaput in Harfangs zone.
6:35 of 1st period - Steve McCarthy is hit by Michael Chaput and loses puck.
6:42 of 1st period - Snap shot by Michael Chaput.
6:42 of 1st period - Stopped by Anton Forsberg without a rebound.
6:43 of 1st period - Calle Jarnkrok wins face-off versus Brian Boyle in Harfangs zone.
7:10 of 1st period - Jeff Petry is hit by Michael Ferland and loses puck.
7:55 of 1st period - Slapshot by Victor Bartley.
7:55 of 1st period - Shot Misses the Net.
8:29 of 1st period - William Carrier is hit by Reid McNeill and loses puck.
9:28 of 1st period - Brandon Kozun is hit by Jujhar Khaira and loses puck.
9:52 of 1st period - Snap shot by Brian Boyle.
9:52 of 1st period - Deflect By Logan MacMillan.
9:52 of 1st period - Shot Misses the Net.
9:52 of 1st period - Puck is out of play.
9:53 of 1st period - Steve Ott wins face-off versus Sam Carrick in Harfangs zone.
10:23 of 1st period - Snap shot by Tomas Kubalik.
10:23 of 1st period - Stopped by Anders Nilsson without a rebound.
10:24 of 1st period - Calle Jarnkrok wins face-off versus Michael Chaput in Ice Dragons zone.
10:25 of 1st period - Slapshot by Tomas Kubalik.
10:25 of 1st period - Shot Misses the Net.
10:27 of 1st period - Slapshot by Dylan Olsen.
10:27 of 1st period - Shot Blocked by Michael Chaput.
10:29 of 1st period - Snap shot by Tomas Kubalik.
10:29 of 1st period - Shot Misses the Net.
10:31 of 1st period - Wrist shot by Dustin Jeffrey.
10:31 of 1st period - Stopped by Anders Nilsson without a rebound.
10:32 of 1st period - Michael Chaput wins face-off versus Calle Jarnkrok in Ice Dragons zone.
10:37 of 1st period - Slapshot by Kevin Connauton.
10:37 of 1st period - Shot Blocked by Tomas Kubalik.
10:39 of 1st period - Slapshot by David Rundblad.
10:39 of 1st period - Stopped by Anton Forsberg with a rebound.
10:56 of 1st period - Off-side.
10:57 of 1st period - Steve Ott wins face-off versus Brandon Kozun in neutral zone.
11:04 of 1st period - Off-side.
11:05 of 1st period - Brian Boyle wins face-off versus Steve Ott in neutral zone.
11:53 of 1st period - Wrist shot by Michael Chaput.
11:53 of 1st period - Shot Misses the Net.
11:57 of 1st period - Snap shot by Alec Martinez.
11:57 of 1st period - Stopped by Anton Forsberg with a rebound.
11:59 of 1st period - Slapshot by Matt Corrente.
11:59 of 1st period - Deflect By Michael Ferland.
11:59 of 1st period - Stopped by Anton Forsberg with a rebound.
12:01 of 1st period - Slapshot by Alec Martinez.
12:01 of 1st period - Shot Blocked by Steve McCarthy.
12:03 of 1st period - Snap shot by Justin Shugg.
12:03 of 1st period - Stopped by Anton Forsberg with a rebound.
12:13 of 1st period - Wrist shot by David Rundblad.
12:13 of 1st period - Shot Blocked by Tomas Kubalik.
12:15 of 1st period - Snap shot by William Carrier.
12:15 of 1st period - Stopped by Anton Forsberg with a rebound.
12:17 of 1st period - Slapshot by David Rundblad.
12:17 of 1st period - Stopped by Anton Forsberg without a rebound.
12:18 of 1st period - Emil Pettersson wins face-off versus Steve Ott in Harfangs zone.
12:25 of 1st period - Wrist shot by Steve Ott.
12:25 of 1st period - Stopped by Anders Nilsson without a rebound.
12:26 of 1st period - Steve Ott wins face-off versus Brian Boyle in Ice Dragons zone.
12:27 of 1st period - Wrist shot by Jimmy Hayes.
12:27 of 1st period - Stopped by Anders Nilsson without a rebound.
12:28 of 1st period - Brian Boyle wins face-off versus Jimmy Hayes in Ice Dragons zone.
12:43 of 1st period - Icing by Mark Alt.
12:44 of 1st period - Jimmy Hayes wins face-off versus Michael Chaput in Harfangs zone.
13:15 of 1st period - Logan MacMillan is hit by Andreas Martinsen and loses puck.
13:38 of 1st period - Snap shot by Brandon Pirri.
13:38 of 1st period - Shot Misses the Net.
13:40 of 1st period - Snap shot by Brandon Pirri.
13:40 of 1st period - Stopped by Anders Nilsson with a rebound.
13:42 of 1st period - Slapshot by Steve McCarthy.
13:42 of 1st period - Shot Blocked by Brian Boyle.
13:44 of 1st period - Slapshot by Steve McCarthy.
13:44 of 1st period - Stopped by Anders Nilsson without a rebound.
13:45 of 1st period - Michael Chaput wins face-off versus Steve Ott in Ice Dragons zone.
13:54 of 1st period - Steve Ott is hit by Chris Wagner and loses puck.
14:16 of 1st period - Wrist shot by Sam Carrick.
14:16 of 1st period - Stopped by Anton Forsberg with a rebound.
14:18 of 1st period - Slapshot by Kevin Connauton.
14:18 of 1st period - Shot Blocked by Jeff Petry.
14:20 of 1st period - Wrist shot by Sam Carrick.
14:20 of 1st period - Deflect By Justin Shugg.
14:20 of 1st period - Shot Misses the Net.
14:20 of 1st period - Puck is out of play.
14:21 of 1st period - Brian Boyle wins face-off versus Oscar Sundqvist in Harfangs zone.
14:22 of 1st period - Snap shot by Logan MacMillan.
14:22 of 1st period - Shot Misses the Net.
14:34 of 1st period - Slapshot by Logan MacMillan.
14:34 of 1st period - Deflect By Brian Boyle.
14:34 of 1st period - Shot Misses the Net.
14:34 of 1st period - Puck is out of play.
14:35 of 1st period - Michael Chaput wins face-off versus Michael Bournival in Harfangs zone.
14:50 of 1st period - Wrist shot by Jimmy Hayes.
14:50 of 1st period - Stopped by Anders Nilsson with a rebound.
15:00 of 1st period - Calle Jarnkrok is hit by Brandon Kozun and loses puck.
15:20 of 1st period - Icing by Andreas Martinsen.
15:21 of 1st period - Sam Carrick wins face-off versus Oscar Sundqvist in Harfangs zone.
15:47 of 1st period - Snap shot by Michael Bournival.
15:47 of 1st period - Stopped by Anders Nilsson with a rebound.
15:49 of 1st period - Snap shot by Michael Bournival.
15:49 of 1st period - Stopped by Anders Nilsson with a rebound.
15:53 of 1st period - Backhand shot by Jimmy Hayes.
15:53 of 1st period - Shot Misses the Net.
15:55 of 1st period - Snap shot by Michael Bournival.
15:55 of 1st period - Shot Misses the Net.
15:57 of 1st period - Backhand shot by Jeff Petry.
15:57 of 1st period - Deflect By William Carrier.
15:57 of 1st period - Stopped by Anders Nilsson with a rebound.
16:13 of 1st period - Snap shot by Brandon Kozun.
16:13 of 1st period - Deflect By Dustin Jeffrey.
16:13 of 1st period - Stopped by Anton Forsberg with a rebound.
16:47 of 1st period - Reid McNeill is hit by Sam Carrick and loses puck.
17:08 of 1st period - Steve Ott is hit by David Rundblad and loses puck.
17:16 of 1st period - Icing by Steve Ott.
17:17 of 1st period - Calle Jarnkrok wins face-off versus Chris Wagner in Harfangs zone.
17:40 of 1st period - Snap shot by Jimmy Hayes.
17:40 of 1st period - Stopped by Anders Nilsson without a rebound.
17:41 of 1st period - Steve Ott wins face-off versus Brian Boyle in Ice Dragons zone.
17:42 of 1st period - Wrist shot by Jimmy Hayes.
17:42 of 1st period - Stopped by Anders Nilsson with a rebound.
17:44 of 1st period - Snap shot by Steve Ott.
17:44 of 1st period - Stopped by Anders Nilsson with a rebound.
17:46 of 1st period - Snap shot by Michael Bournival.
17:46 of 1st period - Shot Misses the Net.
17:53 of 1st period - Off-side.
17:54 of 1st period - Steve Ott wins face-off versus Michael Chaput in neutral zone.
18:00 of 1st period - Wrist shot by Jimmy Hayes.
18:00 of 1st period - Stopped by Anders Nilsson with a rebound.
18:02 of 1st period - Wrist shot by Jimmy Hayes.
18:02 of 1st period - Shot Misses the Net.
18:04 of 1st period - Wrist shot by Steve Ott.
18:04 of 1st period - Stopped by Anders Nilsson with a rebound.
18:29 of 1st period - Backhand shot by Brian Boyle.
18:29 of 1st period - Stopped by Anton Forsberg without a rebound.
18:30 of 1st period - Oscar Sundqvist wins face-off versus Brian Boyle in Harfangs zone.
18:41 of 1st period - Wrist shot by Andreas Martinsen.
18:41 of 1st period - Shot Blocked by David Rundblad.
18:43 of 1st period - Slapshot by Garnet Hathaway.
18:43 of 1st period - Stopped by Anders Nilsson without a rebound.
18:44 of 1st period - Michael Chaput wins face-off versus Steve Ott in Ice Dragons zone.
18:44 of 1st period - Michael Chaput is hit by Steve McCarthy.
19:11 of 1st period - Brian Boyle is hit by Steve McCarthy and loses puck.
19:36 of 1st period - Slapshot by Kevin Connauton.
19:36 of 1st period - Deflect By Oscar Sundqvist.
19:36 of 1st period - Stopped by Anton Forsberg without a rebound.
19:37 of 1st period - Steve Ott wins face-off versus Sam Carrick in Harfangs zone.
19:46 of 1st period - Wrist shot by Jimmy Hayes.
19:46 of 1st period - Stopped by Anders Nilsson with a rebound.
19:48 of 1st period - Minor Penalty to Brayden McNabb for Hooking.
19:49 of 1st period - Steve Ott wins face-off versus Brian Boyle in Ice Dragons zone.
19:57 of 1st period - Wrist shot by Jimmy Hayes.
19:57 of 1st period - Deflect By Steve Ott.
19:57 of 1st period - Stopped by Anders Nilsson with a rebound.
19:59 of 1st period - Slapshot by Victor Bartley.
19:59 of 1st period - Deflect By Jimmy Hayes.
19:59 of 1st period - Shot Misses the Net.
19:59 of 1st period - Puck is out of play.
Goals for this period are 0 for Harfangs vs 0 for Ice Dragons.
Shots for this period are 19 for Harfangs vs 16 for Ice Dragons.
2nd period
0:01 of 2nd period - Brian Boyle wins face-off versus Steve Ott in neutral zone.
0:13 of 2nd period - Slapshot by Jimmy Hayes.
0:13 of 2nd period - Goal by Jimmy Hayes - Harfangs : 1 - Ice Dragons : 0.
0:14 of 2nd period - Brian Boyle wins face-off versus Steve Ott in neutral zone.
0:21 of 2nd period - Snap shot by Brandon Kozun.
0:21 of 2nd period - Stopped by Anton Forsberg without a rebound.
0:22 of 2nd period - Brian Boyle wins face-off versus Michael Bournival in Harfangs zone.
1:28 of 2nd period - Alec Martinez is hit by Michael Bournival and loses puck.
1:41 of 2nd period - Jimmy Hayes is hit by Justin Shugg and loses puck.
2:08 of 2nd period - Slapshot by Sam Carrick.
2:08 of 2nd period - Shot Misses the Net.
2:10 of 2nd period - Snap shot by Alec Martinez.
2:10 of 2nd period - Shot Blocked by Calle Jarnkrok.
2:12 of 2nd period - Snap shot by Sam Carrick.
2:12 of 2nd period - Stopped by Anton Forsberg with a rebound.
2:14 of 2nd period - Wrist shot by Justin Shugg.
2:14 of 2nd period - Deflect By Sam Carrick.
2:14 of 2nd period - Shot Hit the Post.
2:14 of 2nd period - Puck is out of play.
2:15 of 2nd period - Brian Boyle wins face-off versus Oscar Sundqvist in Harfangs zone.
4:10 of 2nd period - Michael Bournival is hit by Brian Boyle and loses puck.
5:55 of 2nd period - Slapshot by David Rundblad.
5:55 of 2nd period - Goal by David Rundblad - Harfangs : 1 - Ice Dragons : 1.
5:56 of 2nd period - Brandon Kozun wins face-off versus Steve Ott in neutral zone.
6:21 of 2nd period - David Rundblad is hit by Calle Jarnkrok and loses puck.
6:33 of 2nd period - Minor Penalty to Michael Ferland for Slashing.
6:34 of 2nd period - Steve Ott wins face-off versus Brian Boyle in Ice Dragons zone.
6:44 of 2nd period - Wrist shot by Jimmy Hayes.
6:44 of 2nd period - Stopped by Anders Nilsson with a rebound.
6:46 of 2nd period - Snap shot by Steve Ott.
6:46 of 2nd period - Stopped by Anders Nilsson without a rebound.
6:47 of 2nd period - Steve Ott wins face-off versus Brian Boyle in Ice Dragons zone.
6:57 of 2nd period - Icing by Michael Bournival.
6:58 of 2nd period - Brian Boyle wins face-off versus Steve Ott in Harfangs zone.
7:05 of 2nd period - Alec Martinez is hit by Steve Ott and loses puck.
7:12 of 2nd period - Slapshot by Steve Ott.
7:12 of 2nd period - Goal by Steve Ott - Harfangs : 2 - Ice Dragons : 1.
7:13 of 2nd period - Steve Ott wins face-off versus Brian Boyle in neutral zone.
7:17 of 2nd period - Off-side.
7:18 of 2nd period - Steve Ott wins face-off versus Brian Boyle in neutral zone.
7:27 of 2nd period - Wrist shot by Michael Bournival.
7:27 of 2nd period - Goal by Michael Bournival - Harfangs : 3 - Ice Dragons : 1.
7:28 of 2nd period - Brian Boyle wins face-off versus Michael Bournival in neutral zone.
7:31 of 2nd period - Slapshot by Alec Martinez.
7:31 of 2nd period - Shot Blocked by Steve McCarthy.
7:33 of 2nd period - Snap shot by Matt Corrente.
7:33 of 2nd period - Deflect By Brandon Kozun.
7:33 of 2nd period - Stopped by Anton Forsberg without a rebound.
7:34 of 2nd period - Steve Ott wins face-off versus Brian Boyle in Harfangs zone.
7:39 of 2nd period - Brandon Kozun is hit by Victor Bartley.
7:42 of 2nd period - Off-side.
7:43 of 2nd period - Brian Boyle wins face-off versus Steve Ott in neutral zone.
9:37 of 2nd period - Michael Ferland is hit by Dylan Olsen and loses puck.
10:14 of 2nd period - Brandon Pirri is hit by William Carrier and loses puck.
10:29 of 2nd period - Logan MacMillan is hit by Steve Ott.
10:47 of 2nd period - Tomas Kubalik is hit by Michael Ferland and loses puck.
11:53 of 2nd period - Snap shot by Tomas Kubalik.
11:53 of 2nd period - Goal by Tomas Kubalik - Harfangs : 4 - Ice Dragons : 1.
11:54 of 2nd period - Brandon Kozun wins face-off versus Steve Ott in neutral zone.
12:38 of 2nd period - Snap shot by Matt Corrente.
12:38 of 2nd period - Shot Misses the Net.
13:00 of 2nd period - Off-side.
13:01 of 2nd period - Emil Pettersson wins face-off versus Steve Ott in neutral zone.
13:14 of 2nd period - Snap shot by Jimmy Hayes.
13:14 of 2nd period - Shot Blocked by William Carrier.
13:16 of 2nd period - Slapshot by Steve McCarthy.
13:16 of 2nd period - Shot Blocked by David Rundblad.
13:49 of 2nd period - Snap shot by Sam Carrick.
13:49 of 2nd period - Shot Misses the Net.
14:29 of 2nd period - Slapshot by Logan MacMillan.
14:29 of 2nd period - Shot Misses the Net.
14:31 of 2nd period - Slapshot by David Rundblad.
14:31 of 2nd period - Shot Misses the Net.
14:42 of 2nd period - Off-side.
14:43 of 2nd period - Calle Jarnkrok wins face-off versus Sam Carrick in neutral zone.
14:50 of 2nd period - Snap shot by Tomas Kubalik.
14:50 of 2nd period - Stopped by Anders Nilsson with a rebound.
15:34 of 2nd period - Backhand shot by Victor Bartley.
15:34 of 2nd period - Stopped by Anders Nilsson with a rebound.
15:52 of 2nd period - Wrist shot by Michael Chaput.
15:52 of 2nd period - Goal by Michael Chaput - Harfangs : 4 - Ice Dragons : 2.
15:53 of 2nd period - Calle Jarnkrok wins face-off versus Brian Boyle in neutral zone.
16:02 of 2nd period - Snap shot by Matt Corrente.
16:02 of 2nd period - Stopped by Anton Forsberg with a rebound.
16:04 of 2nd period - Snap shot by Brian Boyle.
16:04 of 2nd period - Shot Misses the Net.
16:06 of 2nd period - Snap shot by Brian Boyle.
16:06 of 2nd period - Shot Misses the Net.
16:18 of 2nd period - Dustin Jeffrey is hit by Sam Carrick and loses puck.
16:43 of 2nd period - Snap shot by Jimmy Hayes.
16:43 of 2nd period - Shot Misses the Net.
16:45 of 2nd period - Wrist shot by Michael Bournival.
16:45 of 2nd period - Shot Blocked by Michael Chaput.
16:47 of 2nd period - Snap shot by Dylan Olsen.
16:47 of 2nd period - Stopped by Anders Nilsson without a rebound.
16:48 of 2nd period - Steve Ott wins face-off versus Brian Boyle in Ice Dragons zone.
16:52 of 2nd period - Minor Penalty to Matt Corrente for Hooking.
16:53 of 2nd period - Brian Boyle wins face-off versus Steve Ott in Ice Dragons zone.
17:30 of 2nd period - Icing by Steve McCarthy.
17:31 of 2nd period - Calle Jarnkrok wins face-off versus Brandon Kozun in Harfangs zone.
18:37 of 2nd period - Snap shot by Dustin Jeffrey.
18:37 of 2nd period - Deflect By Tomas Kubalik.
18:37 of 2nd period - Shot Blocked by Michael Chaput.
18:37 of 2nd period - Puck is out of play.
18:38 of 2nd period - Brian Boyle wins face-off versus Steve Ott in Ice Dragons zone.
18:52 of 2nd period - Penalty to Matt Corrente is over, Matt Corrente is back on ice.
19:03 of 2nd period - Backhand shot by Matt Corrente.
19:03 of 2nd period - Stopped by Anton Forsberg without a rebound.
19:04 of 2nd period - Michael Chaput wins face-off versus Oscar Sundqvist in Harfangs zone.
19:29 of 2nd period - Sam Carrick is hit by Reid McNeill and loses puck.
Goals for this period are 4 for Harfangs vs 2 for Ice Dragons.
Shots for this period are 9 for Harfangs vs 7 for Ice Dragons.
3rd period
0:01 of 3rd period - Logan MacMillan wins face-off versus Steve Ott in neutral zone.
0:47 of 3rd period - Slapshot by Dmitri Orlov.
0:47 of 3rd period - Shot Blocked by Victor Bartley.
0:49 of 3rd period - Wrist shot by Brian Boyle.
0:49 of 3rd period - Shot Misses the Net.
0:51 of 3rd period - Wrist shot by Logan MacMillan.
0:51 of 3rd period - Stopped by Anton Forsberg with a rebound.
1:12 of 3rd period - Slapshot by Brian Boyle.
1:12 of 3rd period - Stopped by Anton Forsberg without a rebound.
1:13 of 3rd period - Steve Ott wins face-off versus Michael Chaput in Harfangs zone.
1:18 of 3rd period - Alec Martinez is hit by Steve Ott and loses puck.
3:23 of 3rd period - Icing by David Rundblad.
3:24 of 3rd period - Jujhar Khaira wins face-off versus Brian Boyle in Ice Dragons zone.
3:25 of 3rd period - Snap shot by Brandon Pirri.
3:25 of 3rd period - Stopped by Anders Nilsson with a rebound.
3:56 of 3rd period - Slapshot by Calle Jarnkrok.
3:56 of 3rd period - Shot Blocked by David Rundblad.
3:58 of 3rd period - Wrist shot by Calle Jarnkrok.
3:58 of 3rd period - Shot Misses the Net.
4:00 of 3rd period - Slapshot by Steve McCarthy.
4:00 of 3rd period - Deflect By William Carrier.
4:00 of 3rd period - Stopped by Anders Nilsson with a rebound.
4:32 of 3rd period - Brandon Pirri is hit by Kevin Connauton and loses puck.
4:47 of 3rd period - Michael Ferland is hit by Michael Bournival and loses puck.
5:38 of 3rd period - Alec Martinez is hit by Reid McNeill and loses puck.
6:04 of 3rd period - Chris Wagner is hit by Tomas Kubalik and loses puck.
6:35 of 3rd period - Dmitri Orlov is hit by Jujhar Khaira and loses puck.
7:14 of 3rd period - Logan MacMillan is hit by Steve McCarthy.
7:18 of 3rd period - Brian Boyle is hit by Garnet Hathaway and loses puck.
7:51 of 3rd period - Wrist shot by Jimmy Hayes.
7:51 of 3rd period - Stopped by Anders Nilsson with a rebound.
8:51 of 3rd period - Minor Penalty to Jimmy Hayes for Tripping.
8:52 of 3rd period - Brian Boyle wins face-off versus Steve Ott in Harfangs zone.
9:07 of 3rd period - Wrist shot by Matt Corrente.
9:07 of 3rd period - Deflect By Brandon Kozun.
9:07 of 3rd period - Stopped by Anton Forsberg with a rebound.
10:51 of 3rd period - Penalty to Jimmy Hayes is over, Jimmy Hayes is back on ice.
11:39 of 3rd period - Alec Martinez is hit by Andreas Martinsen and loses puck.
12:08 of 3rd period - Justin Shugg is hit by Tomas Kubalik.
14:13 of 3rd period - Icing by Dylan Olsen.
14:14 of 3rd period - Michael Chaput wins face-off versus Calle Jarnkrok in Harfangs zone.
15:01 of 3rd period - Wrist shot by Andreas Martinsen.
15:01 of 3rd period - Shot Misses the Net.
15:43 of 3rd period - Snap shot by Michael Bournival.
15:43 of 3rd period - Goal by Michael Bournival - Harfangs : 5 - Ice Dragons : 2.
15:44 of 3rd period - Steve Ott wins face-off versus Brian Boyle in neutral zone.
16:19 of 3rd period - Double Minor Penalty to Andreas Martinsen for Slashing.
16:20 of 3rd period - Steve Ott wins face-off versus Michael Chaput in Harfangs zone.
16:34 of 3rd period - Wrist shot by Michael Chaput.
16:34 of 3rd period - Stopped by Anton Forsberg with a rebound.
16:36 of 3rd period - Snap shot by Michael Chaput.
16:36 of 3rd period - Shot Misses the Net.
16:42 of 3rd period - Minor Penalty to Steve Ott for Interference.
16:43 of 3rd period - Cristoval Nieves wins face-off versus Brian Boyle in Harfangs zone.
17:30 of 3rd period - Oscar Sundqvist is hit by Brandon Kozun and loses puck.
17:56 of 3rd period - Slapshot by Victor Bartley.
17:56 of 3rd period - Stopped by Anders Nilsson without a rebound.
17:57 of 3rd period - Michael Chaput wins face-off versus Cristoval Nieves in Ice Dragons zone.
18:42 of 3rd period - Penalty to Steve Ott is over, Steve Ott is back on ice.
18:47 of 3rd period - Dylan Olsen is hit by Michael Chaput and loses puck.
18:59 of 3rd period - Icing by David Rundblad.
19:00 of 3rd period - Brian Boyle wins face-off versus Steve Ott in Ice Dragons zone.
19:58 of 3rd period - Dylan Olsen is hit by Michael Ferland and loses puck.
Goals for this period are 1 for Harfangs vs 0 for Ice Dragons.
Shots for this period are 5 for Harfangs vs 4 for Ice Dragons.
Back to the Top